 Dungeon Crawl Stone Soup version 0.27.0-1-g7a089689b8 (webtiles) character file.

Game seed: 1705117725762930798

66 unlimited1921 the Vexing (level 4, -4/44 HPs)
             Began as an Ogre Arcane Marksman on Aug 5, 2021.
             Killed from afar by a kobold (20 damage)
             ... with a bolt of acid
             ... on level 3 of the Dungeon.
             The game lasted 00:18:39 (1855 turns).

unlimited1921 the Vexing (Ogre Arcane Marksman)     Turns: 1855, Time: 00:18:40

Health: -4/44      AC:  6    Str: 14    XL:     4   Next: 15%
Magic:  7/7        EV:  9    Int: 15    God:
Gold:   45         SH:  0    Dex:  9    Spells: 4/7 levels left

rFire    . . .     SeeInvis .   a - +0 hand crossbow
rCold    . . .     Faith    .   (no shield)
rNeg     . . .     Spirit   .   v - +0 troll leather armour
rPois    .         Reflect  .   (helmet restricted)
rElec    .         Harm     .   r - +0 cloak
rCorr    .         Rampage  .   (gloves unavailable)
Will     .....                  (boots unavailable)
Stlth    +.........             (no amulet)
HPRegen  1.14/turn              (no ring)
MPRegen  0.10/turn              (no ring)

@: no status effects
A: large, unfitting armour, tough skin 1
a: no special abilities


You were on level 3 of the Dungeon.
You visited 1 branch of the dungeon, and saw 3 of its levels.

You collected 45 gold pieces.

Inventory:

Hand Weapons
 a - a +0 hand crossbow (weapon)
 b - a +0 club
 h - a +0 spear
 j - a +0 hunting sling
 p - a +0 dagger
 q - a +0 short sword
 w - a +0 whip
Missiles
 c - 23 bolts (quivered ammo)
 e - 81 stones
 f - 41 arrows
 g - 2 boomerangs
 k - 27 poisoned darts
 l - 12 sling bullets
 m - a throwing net
Armour
 r - a +0 cloak (worn)
 v - a +0 troll leather armour (worn)
Wands
 d - a wand of polymorph (10) (quivered)
Scrolls
 i - a scroll of teleportation {unknown}
 n - a scroll of blinking {unknown}
 o - a scroll of identify {unknown}
 s - a scroll of torment {unknown}
Potions
 t - a potion of brilliance {unknown}
 u - a potion of haste {unknown}
 x - a potion of resistance {unknown}


   Skills:
 * Level 2.4 Fighting
 + Level 2.1 Crossbows
 + Level 0.5 Throwing
 + Level 2.0 Dodging
 + Level 0.2 Stealth
 * Level 2.4 Spellcasting
 - Level 2.6 Hexes


You had 4 spell levels left.
You knew the following spells:

 Your Spells              Type           Power      Damage    Failure   Level
a - Corona                Hex            10%        N/A       9%          1
b - Slow                  Hex            9%         N/A       14%         2

Your spell library contained the following spells:

 Spells                   Type           Power      Damage    Failure   Level
 Beastly Appendage        Tmut           2%         N/A       26%         1
 Wereblood                Tmut           1%         N/A       38%         2
 Inner Flame              Hex/Fire       5%         N/A       43%         3
 Portal Projectile        Hex/Tloc       10%        N/A       43%         3
 Spider Form              Tmut/Pois      0%         N/A       63%         3
 Cause Fear               Hex            4%         N/A       65%         4


Dungeon Overview and Level Annotations

Branches:
Dungeon (3/15)

Altars:


Innate Abilities, Weirdness & Mutations

You are too large for most types of armour.
You have tough skin. (AC +1)


Message History

Found 11 gold pieces.
Found a stone staircase leading up.
A kobold comes into view.
It is wielding a +0 short sword and carrying a wand of acid (10).
You see here 11 gold pieces.
You shoot a bolt. The kobold shouts!
The bolt hits the kobold but does no damage.
The kobold zaps a wand.
The bolt of acid hits you! The acid corrodes you!
You are splashed with acid!
* * * LOW HITPOINT WARNING * * *
You are too injured to fight recklessly!
You are too injured to fight recklessly!
You are too injured to fight recklessly!
Press: ? - help, v - describe, . - travel, g - get item Item here: 11 gold pieces.
The floor.
Cast which spell? (? or * to list)
Okay, then.
Unknown command.
Press: ? - help, v - describe, . - travel, g - get item
Here: a kobold, wielding a +0 short sword and carrying a wand of acid (9) Item here: a bolt.
The floor.
There is a stone staircase leading up here.
You can't go down here!
You climb upwards.
There is a stone staircase leading down here.
You start resting.
You are no longer corroded.
Unknown command.
Unknown command.
You climb downwards.
There is a stone staircase leading up here.
Aiming: Polymorph
Press: ? - help, Q - select action, (/) - cycle Shift-Dir - straight line, f - kobold
Aim: a kobold, wielding a +0 short sword and carrying a wand of acid (9) (will become a jackal, an endoplasm, or a rat, chance to affect: 63%)
The kobold resists with significant effort.
The kobold zaps a wand.
The bolt of acid hits you!
You are splashed with acid!
The kobold zaps a wand.
The bolt of acid hits you!!
You die...

#. #( . #<#+####### # #.
#.........##.#
#.##............ .
#......$......#. ..
###...>.K..#...
.#.###........#
............@.##.........
#............#..#.#.#.#.
..#............#..........
........#.....##..#.#.#.#.
. #.#.#...#...............
###.
......###.....###.....
.... #.#.#.###.....#
###.######..##
..............#
#.............
#.#.#.........#
#.###.........


You could see a kobold.

Vanquished Creatures
  An adder (D:2)
  A worm (D:2)
  2 dart slugs
  An orc (D:3)
  4 ball pythons
  5 endoplasms
  2 goblins
  5 hobgoblins (D:1)
  7 quokkas
  9 bats
  2 frilled lizards
  3 kobolds
  5 rats
47 creatures vanquished.

Notes
Turn   | Place    | Note
-------+----------+-------------------------------------------
     0 | D:1      | unlimited1921 the Ogre Arcane Marksman began the quest for
                  | the Orb.
     0 | D:1      | Reached XP level 1. HP: 19/19 MP: 2/2
   168 | D:1      | Reached XP level 2. HP: 28/28 MP: 2/4
   709 | D:1      | Reached XP level 3. HP: 35/35 MP: 5/5
   971 | D:1      | Learned a level 2 spell: Slow
  1486 | D:2      | Reached XP level 4. HP: 42/42 MP: 7/7
  1855 | D:3      | Killed from afar by a kobold

Illustrated notes

Levels and vault maps discovered:
D:1:      mushboom_english_gardens, layout_basic
D:2:      layout_basic, minmay_misc_feat_rugged
D:3:      cheibrodos_helix_gallery, layout_basic, hangedman_ru_absence,
          grunt_nemelex_the_gamble, serial_glass, glass_columns_b,
          glass_columns_a, glass_columns_a, glass_columns_a, glass_columns_a,
          glass_columns_a, glass_columns_b, glass_columns_a, glass_columns_b,
          glass_columns_b, glass_columns_a, glass_columns_c, glass_columns_b,
          glass_columns_a, hellmonk_ecumenical_altar_defaced_shrine

Skill      XL: |  1  2  3 |
---------------+----------+-----
Dodging        | 2 |  2.0
Fighting       | 2 |  2.4
Crossbows      | 2 |  2.1
Spellcasting   | 2 |  2.4
Throwing       | |  0.5
Stealth        | |  0.2
Hexes          | |  2.6

Action                   |  1- 3 |  4- 6 || total
-------------------------+-------+-------++-------
 Fire: Hand crossbow     |    92 |    10 ||   102
Throw: Dart              |    14 |       ||    14
Evoke: Wand              |       |     1 ||     1
Armor: Robe              |    18 |       ||    18
       Troll leather arm |       |     2 ||     2
Dodge: Dodged            |    39 |       ||    39
